AoeStats
← RexConquistadorLex

Arena

510038214Analyzed
4v4 RM · 2d ago on Sep 29, 2026· 50m 10s· 8 players
Game mode
Random Map
Map size
Large (8 player)
Population
200
Speed
Normal
Resources
Standard
Victory
Conquest
Starting age
Dark Age
Ending age
Imperial Age
RankedLock teamsTeams togetherTeam positionsShared explorationLock speedFull tech treeHidden civsTurbo modeCheats
Victory
Defeat
🇺🇸 Saxons · United States
1186
+14
🇲🇽 Portuguese · Mexico
1162
+15
🇺🇸 Bengalis · United States
1137
+16
🇺🇸 Ethiopians · United States
1133
+16
🇹🇼 Vietnamese · Taiwan
1173
-16
🇨🇳 Cumans · China
1160
-16
🇹🇼 Wu · Taiwan
1121
-15
1112
-14
蛋雕
10:20 Feudal Age
11:31 Loom
13:37 Loom
16:03 Castle Age
13:56 Horse Collar
15:09 Double-Bit Axe
16:03 Town Watch
16:11 Fletching
17:14 Bow Saw
20:17 Bodkin Arrow
27:42 Gold Mining
28:30 Padded Archer Armor
29:28 Wheelbarrow
30:19 Ballistics
31:35 Thumb Ring
31:42 Stone Mining
34:05 Leather Archer Armor
33:43 Treadmill Crane
34:02 Murder Holes
35:40 Stone Shaft Mining
39:12 Imperial Age
37:55 Masonry
40:07 Hand Cart
39:54 Town Patrol
41:00 Two-Man Saw
40:03 Bracer
40:52 Paper Money
40:49 Capped Ram
40:58 Capped Ram
41:40 Heavy Plow
42:15 Ring Archer Armor
41:57 Elite Rattan Archer
44:13 Chemistry
42:50 Elite Skirmisher
44:05 Imperial Skirmisher
45:43 Hoardings
45:27 Devotion
46:05 Crop Rotation
45:17 Treadmill Crane
47:03 Sappers
48:06 Siege Engineers
48:37 Husbandry
48:48 Bloodlines
48:44 Scale Barding Armor
karewellx
11:25 Feudal Age
12:09 Double-Bit Axe
15:44 Castle Age
14:11 Fletching
14:06 Horse Collar
14:27 Gold Mining
15:35 Stone Mining
16:34 Wheelbarrow
16:55 Bow Saw
18:25 Heavy Plow
19:18 Stone Shaft Mining
19:44 Loom
22:00 Murder Holes
22:25 Ballistics
24:21 Hand Cart
24:42 Gold Shaft Mining
26:24 Red Cliffs Tactics
27:02 Fletching
27:48 Bodkin Arrow
29:49 Padded Archer Armor
31:55 Heavy Plow
34:32 Leather Archer Armor
36:51 Imperial Age
38:05 Conscription
39:07 Bracer
40:09 Chemistry
38:50 Treadmill Crane
40:05 Elite Fire Archer
40:56 Elite Skirmisher
42:32 Imperial Skirmisher
46:06 Two-Man Saw
xygogo
11:04 Feudal Age
11:47 Double-Bit Axe
11:43 Horse Collar
16:32 Stone Mining
22:42 Castle Age
21:55 Wheelbarrow
21:35 Gold Mining
24:52 Heavy Plow
25:29 Gold Shaft Mining
26:27 Loom
28:39 Fletching
28:39 Town Watch
33:23 Imperial Age
31:00 Bodkin Arrow
31:14 Steppe Husbandry
31:43 Capped Ram
32:50 Bow Saw
33:14 Thumb Ring
34:04 Padded Archer Armor
34:48 Ballistics
35:06 Masonry
35:18 Heavy Cavalry Archer
36:23 Parthian Tactics
37:30 Chemistry
36:23 Siege Ram
37:59 Leather Archer Armor
43:00 Elite Skirmisher
噜噜啊噜噜噜噜噜
2:24 Loom
12:47 Feudal Age
14:45 Wheelbarrow
14:49 Double-Bit Axe
17:29 Castle Age
15:20 Town Watch
15:48 Forging
15:44 Scale Barding Armor
15:38 Gold Mining
16:04 Stone Mining
19:14 Iron Casting
19:53 Chain Barding Armor
19:51 Bow Saw
20:38 Gold Shaft Mining
22:05 Hand Cart
24:16 Husbandry
35:37 Imperial Age
35:46 Cavalier
35:46 Light Cavalry
37:33 Blast Furnace
37:18 Plate Barding Armor
42:34 Chemistry
41:44 Fortified Wall
42:22 Paladin
45:59 Masonry
45:44 Murder Holes
45:55 Siege Engineers
46:14 Ballistics
45:44 Guard Tower
45:39 Arrowslits
MonsterSmeat
10:35 Feudal Age
12:57 Double-Bit Axe
15:29 Castle Age
13:39 Double-Bit Axe
13:44 Horse Collar
14:12 Gold Mining
15:49 Stone Mining
18:34 Wheelbarrow
17:45 Loom
21:56 Forging
22:22 Scale Mail Armor
23:32 Squires
25:03 Bow Saw
24:44 Arson
27:22 Crossbowman
29:09 Iron Casting
29:01 Heavy Plow
34:34 Imperial Age
33:03 Thumb Ring
32:54 Fletching
33:05 Padded Archer Armor
35:11 Leather Archer Armor
34:52 Bodkin Arrow
36:18 Two-Man Saw
35:44 Conscription
35:23 Heated Shot
35:38 Arbalester
37:59 Gold Shaft Mining
38:00 Stone Shaft Mining
37:47 Ballistics
38:34 Chemistry
38:10 Halberdier
39:29 Bracer
40:00 Ring Archer Armor
39:46 Chain Mail Armor
40:26 Elite Skirmisher
42:36 Blast Furnace
43:22 Capped Ram
44:08 Torsion Engines
45:54 Siege Engineers
47:33 Plate Mail Armor
AquilaMaximus
10:42 Feudal Age
15:07 Castle Age
13:29 Double-Bit Axe
14:20 Horse Collar
17:09 Loom
20:21 Bow Saw
21:24 Heavy Plow
23:57 Wheelbarrow
23:10 Town Watch
25:10 Squires
26:10 Hand Cart
26:32 Scale Mail Armor
26:35 Fletching
27:20 Chain Mail Armor
27:57 Forging
29:25 Iron Casting
28:59 Gold Mining
29:01 Stone Mining
32:44 Imperial Age
30:55 Gold Shaft Mining
31:45 Fletching
32:41 Gambesons
34:22 Bodkin Arrow
34:49 Elite Varangian Guard
35:54 Conscription
36:21 Plate Mail Armor
35:22 Elite Hearth Troop
36:25 Shield Wall
36:33 Shield Wall
37:25 Murder Holes
37:51 Ballistics
38:28 Pikeman
39:10 Arson
40:15 Hoardings
39:47 Halberdier
42:07 Crop Rotation
42:37 Bracer
42:51 Masonry
43:45 Chemistry
44:13 Two-Man Saw
43:16 Caravan
43:33 Guilds
46:18 Siege Engineers
46:44 Architecture
45:55 Treadmill Crane
49:40 Arrowslits
49:46 Guard Tower
GMEX | Garlockmx
11:29 Feudal Age
15:41 Castle Age
14:40 Stone Mining
14:57 Loom
21:28 Horse Collar
24:11 Double-Bit Axe
24:30 Fletching
26:00 Bodkin Arrow
27:33 Heavy Plow
27:49 Masonry
29:48 Murder Holes
33:29 Ballistics
35:36 Wheelbarrow
37:33 Imperial Age
35:09 Padded Archer Armor
35:51 Elite Skirmisher
36:50 Leather Archer Armor
38:52 Bow Saw
40:21 Chemistry
45:11 Crop Rotation
47:31 Hand Cart
49:01 Bracer
49:32 Ring Archer Armor
RexConquistadorLex
10:19 Feudal Age
11:21 Loom
15:07 Castle Age
14:01 Horse Collar
15:06 Double-Bit Axe
19:54 Fervor
19:59 Squires
20:30 Heavy Plow
20:58 Gold Mining
22:29 Sanctity
22:29 Bow Saw
22:53 Town Watch
23:06 Stone Mining
24:57 Pikeman
28:20 Redemption
32:45 Imperial Age
30:54 Gold Shaft Mining
31:04 Wheelbarrow
31:06 Ballistics
31:35 Padded Archer Armor
31:53 Murder Holes
32:48 Fletching
33:14 Masonry
33:05 Elite Elephant Archer
34:28 Block Printing
35:17 Crop Rotation
35:15 Husbandry
35:28 Bloodlines
36:37 Conscription
37:12 Leather Archer Armor
38:37 Illumination
37:40 Siege Elephant
40:00 Chemistry
39:20 Elite Skirmisher
40:53 Ring Archer Armor
40:19 Bodkin Arrow
40:38 Fortified Wall
41:53 Paiks
43:53 Architecture
43:25 Bracer
44:03 Hand Cart
43:34 Onager
44:36 Guilds
44:42 Forging
45:37 Two-Man Saw
45:37 Theocracy
45:11 Scale Barding Armor
45:49 Siege Engineers
47:15 Elite Battle Elephant
48:21 Chain Barding Armor
48:37 Iron Casting
48:33 Caravan
49:04 Coinage
49:16 Mahayana
50:21 Plate Barding Armor
Connection lost

Rejoining the realm…

Still unreachable

The connection could not be restored.

Session expired

The server has moved on; the page needs a fresh start.